 Dungeon Sprint DCSS version 0.20.1-1-g8b1a95d (webtiles) character file.

1061 Hubbles the Severer (level 8, -2/102 HPs)
             Began as a Deep Dwarf Berserker on Aug 2, 2017.
             Was a High Priest of Trog.
             Slain by an unseen horror (6 damage)
             ... in the Dungeon (Sprint IX: "|||||||||||||||||||||||||||||").
             The game lasted 00:02:23 (220 turns).

Hubbles the Severer (Deep Dwarf Berserker)           Turns: 220, Time: 00:02:24

Health: -2/102     AC: 12    Str: 31    XL:     8   Next: 6%
Magic:  8/8        EV:  9    Int:  8    God:    Trog [*****.]
Gold:   0          SH:  0    Dex: 12    Spells: 7/7 levels left

rFire    . . .     SeeInvis .   a - +3 war axe (chop)
rCold    . . .     Gourm    .   (no shield)
rNeg     . . .     Faith    .   p - +1 chain mail
rPois    .         Spirit   .   (no helmet)
rElec    .         Reflect  .   q - +0 cloak
rCorr    .         Harm     .   (no gloves)
MR       +....     NoTele   +   (no boots)
Stlth    ..........             (no amulet)
Regen    0.0/turn               n - +2 ring of protection
MPRegen  0.2/turn               o - +3 ring of strength

@: berserking (expiring), non-regenerating, very quick
A: damage resistance, heal wounds, sense surroundings 1, no regeneration
a: Heal Wounds, Berserk, Trog's Hand, Brothers in Arms, Burn Spellbooks,
Renounce Religion


You were in the Dungeon.
You worshipped Trog.
Trog was extremely pleased with you.
You were not hungry.

You visited 1 branch

Inventory:

Hand Weapons
 a - a +3 war axe of chopping (weapon)
Armour
 p - a +1 chain mail (worn)
 q - a +0 cloak (worn)
Jewellery
 n - a +2 ring of protection (left hand)
 o - a +3 ring of strength (right hand)
Wands
 m - a wand of acid (7/15)
Scrolls
 i - 2 scrolls of blinking
 l - 3 scrolls of remove curse
Potions
 d - 5 potions of curing
 e - a potion of invisibility
 f - a potion of haste
 g - 4 potions of magic
 h - a potion of berserk rage
 k - 2 potions of heal wounds
Comestibles
 c - a bread ration
 j - 10 chunks of flesh


   Skills:
 - Level 2.6 Fighting
 * Level 18.0 Axes
 - Level 2.1 Armour
 - Level 2.1 Dodging


You had 7 spell levels left.
You didn't know any spells.

Dungeon Overview and Level Annotations

Branches:
Dungeon (1/1)

Altars:
Cheibriados
Dithmenos
Elyvilon
Fedhas
Gozag
Hepliaklqana
Kikubaaqudgha
Makhleb
Nemelex Xobeh
Okawaru
Qazlal
Ru
Sif Muna
Trog
Uskayaw
Vehumet
Xom
Yredelemnul
Zin
The Shining One
Beogh
Jiyva
Lugonu


Innate Abilities, Weirdness & Mutations

You are resistant to damage.
You can heal yourself by infusing magical energy.
You passively map a small area around you.
You do not regenerate.


Message History

Trog accepts your kill. Something hits you but does no damage.
Deactivating autopickup; reactivate with Ctrl-A.
You hit something but do no damage. Something hits you but does no damage.
You barely miss something. Something hits you.
Something hits you but does no damage.
You closely miss something. Something hits you.
You barely miss something. Something hits you!
* * * LOW HITPOINT WARNING * * *
You slash something! Something hits you but does no damage.
Something completely misses you.
You barely miss something. Something hits you.
* * * LOW HITPOINT WARNING * * *
You barely miss something. Something hits you!
* * * LOW HITPOINT WARNING * * *
Unknown command.
You slice something!! Something hits you.
* * * LOW HITPOINT WARNING * * *
You miss something. Something hits you but does no damage. Something hits you!
You die...

* * *
*,▓.▓
, ▓.▓
* , *
▓.▓ ,
, ▓Z▓
* ,
▓y▓ *
* ▓J▓
* ▓{▓
* ▓@▓
▓.▓ ,
▓.▓
▓.▓ *
▓.▓
▓.▓ *
*
,▓)▓
▓.▓ *
* ▓.▓


You could see a vampire mosquito, a jelly and a jackal skeleton.

Vanquished Creatures
  A two-headed ogre (D)
  A hippogriff (D)
  An orc warrior (D)
  A bullfrog (D)
  A hound (D)
  A worker ant (D)
  2 adders (D)
  An adder zombie (D)
  2 adder skeletons (D)
  A leopard gecko (D)
  An orc (D)
  A ball python (D)
  A bat (D)
  A bat skeleton (D)
  A giant cockroach (D)
  A rat (D)
18 creatures vanquished.

Notes
Turn   | Place    | Note
-------+----------+-------------------------------------------
     0 | D        | Hubbles the Deep Dwarf Berserker began the quest for the Orb.
     0 | D        | Reached XP level 1. HP: 20/20 MP: 1/1
     7 | D        | Reached skill level 4 in Axes
     9 | D        | Reached ** piety under Trog
    10 | D        | Reached skill level 5 in Axes
    24 | D        | Noticed a hound
    25 | D        | Reached XP level 2. HP: 25/27 MP: 2/2
    32 | D        | Reached *** piety under Trog
    32 | D        | Reached skill level 6 in Axes
    43 | D        | Reached skill level 7 in Axes
    58 | D        | Reached skill level 8 in Axes
    58 | D        | Reached XP level 3. HP: 6/33 MP: 3/3
    73 | D        | Found a roughly hewn altar of Beogh.
    73 | D        | Found a snail-covered altar of Cheibriados.
    73 | D        | Found a shadowy altar of Dithmenos.
    73 | D        | Found a white marble altar of Elyvilon.
    73 | D        | Found a blossoming altar of Fedhas.
    73 | D        | Found an opulent altar of Gozag.
    74 | D        | Found a hazy altar of Hepliaklqana.
    75 | D        | Found a viscous altar of Jiyva.
    76 | D        | Found an ancient bone altar of Kikubaaqudgha.
    77 | D        | Found a corrupted altar of Lugonu.
    78 | D        | Found a burning altar of Makhleb.
    79 | D        | Found a sparkling altar of Nemelex Xobeh.
    80 | D        | Found an iron altar of Okawaru.
    81 | D        | Found a stormy altar of Qazlal.
    82 | D        | Found a sacrificial altar of Ru.
    83 | D        | Found a deep blue altar of Sif Muna.
    84 | D        | Found a bloodstained altar of Trog.
    85 | D        | Found a hide-covered altar of Uskayaw.
    86 | D        | Found a radiant altar of Vehumet.
    88 | D        | Found a shimmering altar of Xom.
    89 | D        | Found a basalt altar of Yredelemnul.
    90 | D        | Found a glowing silver altar of Zin.
    91 | D        | Found a glowing golden altar of the Shining One.
   156 | D        | Noticed a bullfrog
   156 | D        | Noticed an orc warrior
   156 | D        | Noticed a hippogriff
   163 | D        | Killed a hippogriff
   163 | D        | Reached **** piety under Trog
   163 | D        | Reached skill level 12 in Axes
   163 | D        | Reached XP level 4. HP: 36/40 MP: 4/4
   163 | D        | Reached XP level 5. HP: 41/46 MP: 5/5
   164 | D        | Reached skill level 13 in Axes
   176 | D        | Killed an orc warrior
   176 | D        | Reached skill level 14 in Axes
   176 | D        | Reached XP level 6. HP: 13/55 MP: 6/6
   186 | D        | Reached skill level 15 in Axes
   190 | D        | Reached ***** piety under Trog
   204 | D        | Noticed a vampire mosquito
   204 | D        | Noticed a two-headed ogre
   210 | D        | Killed a two-headed ogre
   210 | D        | Reached skill level 18 in Axes
   210 | D        | Reached XP level 7. HP: 17/61 MP: 7/7
   210 | D        | Reached XP level 8. HP: 19/68 MP: 8/8
   218 | D        | HP: 5/102 [something (6)]
   220 | D        | Slain by an unseen horror

Skill      XL: |  1  2  3  4  5  6 |
---------------+-------------------+-----
Axes           | 5 8 12 14 18 | 18.0
Fighting       | |  2.6
Armour         | |  2.1
Dodging        | |  2.1

Action                   |  1- 3 |  4- 6 |  7- 9 || total
-------------------------+-------+-------+-------++-------
Melee: Hand axe          |    41 |       |       ||    41
       War axe           |     6 |    32 |    10 ||    48
Invok: Trog's Hand       |     1 |       |       ||     1
       Berserk           |       |     1 |       ||     1
  Use: Potion            |     1 |       |       ||     1
Armor: Animal skin       |     7 |       |       ||     7
       Chain mail        |    10 |     7 |     5 ||    22
Dodge: Dodged            |    27 |     7 |     1 ||    35
